 Dungeon Crawl Stone Soup version 0.31-a0-1626-g5cb510d322 (webtiles) character file.

Game seed: 5812292839569062610

65 Essalna the Digger (level 4, -1/24 HPs)
             Began as a Gargoyle Earth Elementalist on Jan 12, 2024.
             Slain by a gnoll
             ... wielding a +0 halberd
              (7 damage)
             ... on level 2 of the Dungeon.
             The game lasted 00:03:01 (1394 turns).

Essalna the Digger (Gargoyle Earth Elementalist)    Turns: 1394, Time: 00:03:01

Health: -1/24      AC:  5    Str: 11    XL:     4   Next: 13%
Magic:  0/8        EV: 11    Int: 18    God:
Gold:   117        SH:  0    Dex: 10    Spells: 7/8 levels left

rFire   . . .        e - +1 spear
rCold   . . .        (no shield)
rNeg    + . .        a - +0 robe
rPois   ∞            (no helmet)
rElec   +            (no cloak)
rCorr   .            (no gloves)
SInv    .            (no boots)
Will    .....        (no amulet)
Stlth   ++           (no ring)
HPRegen 0.24/turn    (no ring)
MPRegen 0.11/turn

%: no passive effects
@: studying Ranged Weapons
A: sickness immunity, AC +3, negative energy resistance 1, electricity
resistance, torment resistance 1, petrification resistance
a: no special abilities


You were on level 2 of the Dungeon.
You visited 1 branch of the dungeon, and saw 2 of its levels.

You collected 117 gold pieces.

Inventory:

Hand Weapons
 e - a +1 spear (weapon)
Missiles
 l - a throwing net
Armour
 a - a +0 robe (worn)
Scrolls
 g - a scroll of identify
 j - a scroll of teleportation {unknown}
 k - a scroll of enchant armour {unknown}
Potions
 c - a potion of resistance {unknown}
 d - 2 potions of curing
 f - a potion of brilliance {unknown}
 i - 3 potions of heal wounds {unknown}
 m - a potion of degeneration {unknown}


   Skills:
 - Level 1.5 Dodging
 - Level 2.1 Stealth
 + Level 2.8 Spellcasting
 + Level 2.5 Conjurations
 + Level 4.4 Earth Magic


You had 7 spell levels left.
You knew the following spells:

 Your Spells              Type           Power      Damage    Failure   Level
a - Sandblast             Erth           36%        2d10      2%          1

Your spell library contained the following spells:

 Spells                   Type           Power      Damage    Failure   Level
 Passwall                 Erth           18%        N/A       8%          3
 Stone Arrow              Conj/Erth      30%        3d8       12%         3
 Brom's Barrelling Bould  Conj/Erth      15%        2d4       36%         4
 Ozocubu's Armour         Ice            2%         N/A       45%         3
 Petrify                  Alch/Erth      10%        N/A       54%         4
 Metabolic Englaciation   Hex/Ice        1%         N/A       99%         5
 Sculpt Simulacrum        Ice/Alch       1%         N/A       100%        6


Dungeon Overview and Level Annotations

Branches:
Dungeon (2/15)

Altars:

Annotations:
D:1 Terence


Innate Abilities, Weirdness & Mutations

You are immune to sickness and miasma.
Your stone body is resilient. (AC +3)
You are immune to poison.
You resist negative energy. (rN+)
You are resistant to electric shocks. (rElec)
You are resistant to unholy torment.
You are immune to petrification.


Message History

Aiming: Sandblast (safe; 3% risk of failure)
Press: ? - help, Shift-Dir - straight line, f/p - gnoll
Aim: a gnoll, wielding a +0 flail (lightly wounded, 84% to hit)
The blast of sand misses the gnoll.
The gnoll barely misses you. The gnoll closely misses you.
A rat comes into view.
Casting: Sandblast (safe; 3% risk of failure)
Confirm with . or Enter, or press ? or * to list all spells.
Aiming: Sandblast (safe; 3% risk of failure)
Press: ? - help, Shift-Dir - straight line, f/p - gnoll
Aim: a gnoll, wielding a +0 flail (lightly wounded, 84% to hit)
The blast of sand hits the gnoll!
You kill the gnoll!
The gnoll hits you from afar with a +0 halberd.
* * * LOW HITPOINT WARNING * * *
The gnoll closely misses you.
You have reached level 4!
You feel clever.
Casting: Sandblast (safe; 2% risk of failure)
Confirm with . or Enter, or press ? or * to list all spells.
Aiming: Sandblast (safe; 2% risk of failure)
Press: ? - help, Shift-Dir - straight line, f - gnoll
Aim: a gnoll, wielding a +0 halberd (84% to hit)
The blast of sand hits the gnoll!
The gnoll is almost dead.
The gnoll barely misses you.
Casting: Sandblast (safe; 2% risk of failure)
Confirm with . or Enter, or press ? or * to list all spells.
Aiming: Sandblast (safe; 2% risk of failure)
Press: ? - help, Shift-Dir - straight line, f/p - gnoll
Aim: a gnoll, wielding a +0 halberd (almost dead, 84% to hit)
The blast of sand misses the gnoll.
The gnoll closely misses you. The gnoll misses you.
Casting: Sandblast (safe; 2% risk of failure)
Confirm with . or Enter, or press ? or * to list all spells.
You don't have enough magic to cast this spell.
Unknown command.
The gnoll attacks as it pursues you!
The gnoll hits you from afar with a +0 halberd!
You die...

#.. .......# #..###
#.##.... ### #....#
#.##.#.# #...#.#..#
#....#.# .
#.....#..###.#..... ...
#.................#
#...###...###.##.#.##...#
#.r).#### #.##.#.###..#
#g.@.# #..#.#......#
####.# ##.#........# #.#
#..####..#.. #.##
##..###..##.
#..###.........#.
##.............#.
#####.........#. #######
#..........# #.....#
#........†[.


You could see a gnoll and a rat.

Vanquished Creatures
  3 gnolls (D:2)
  3 dart slugs (D:1)
  4 bats (D:1)
  3 endoplasms
  A giant cockroach (D:1)
  3 goblins (D:1)
  A hobgoblin (D:1)
  4 kobolds
  A quokka (D:1)
  2 ball pythons (D:1)
  A frilled lizard (D:1)
  3 rats
29 creatures vanquished.

Notes
Turn   | Place    | Note
-------+----------+-------------------------------------------
     0 | D:1      | Essalna the Gargoyle Earth Elementalist began the quest for
                  | the Orb.
     0 | D:1      | Reached XP level 1. HP: 10/10 MP: 3/3
     3 | D:1      | Noticed an electric eel
     4 | D:1      | Noticed an electric eel
   131 | D:1      | Reached XP level 2. HP: 15/15 MP: 3/5
   330 | D:1      | Found a faded altar of an unknown god.
   465 | D:1      | Reached skill level 4 in Earth Magic
   813 | D:1      | Reached XP level 3. HP: 19/19 MP: 2/6
  1249 | D:2      | Noticed Terence
  1392 | D:2      | Reached XP level 4. HP: 5/24 MP: 2/8
  1394 | D:2      | Slain by a gnoll

Illustrated notes

Levels and vault maps discovered:
D:1:      arrival_aquarium_b, layout_loops_corners,
          shapermc_ecumenical_altar_gd, minmay_pentomino_x2
D:2:      layout_rooms, basic_altar, uniq_terence

Skill      XL: |  1  2  3 |
---------------+----------+-----
Earth Magic    | 4 |  4.4
Conjurations   | 2 |  2.5
Dodging        | |  1.5
Stealth        | |  2.1
Spellcasting   | |  2.8

Action                     |  1- 3 |  4- 6 || total
---------------------------+-------+-------++-------
  Melee: Spear             |     4 |       ||     4
   Cast: Sandblast         |    46 |     2 ||    48
    Use: Scroll            |     4 |       ||     4
         Potion            |     1 |       ||     1
 Armour: Robe              |    17 |     1 ||    18
  Dodge: Dodged            |    12 |     3 ||    15

Table legend: (Time is in decaauts)
 A = Elapsed time spent in this place.
 B = Non-inter-level travel time spent in this place.
 C = Inter-level travel time spent in this place.
 D = Time resting spent in this place.
 E = Time spent auto-exploring this place.
 F = Levels seen in this place.
 G = Mean time per level.
                   A        B        C        D        E       F      G
               +--------+--------+--------+--------+--------+-----+--------+
         Total |   1418 |   1376 |     42 |      0 |   1206 |   2 |  709.0 |
       Dungeon |   1418 |   1376 |     42 |      0 |   1206 |   2 |  709.0 |
               +--------+--------+--------+--------+--------+-----+--------+

Top non-repeatable levels by time:
     D:1: 1269 daAuts
     D:2: 148 daAuts
